AoeStats
← 牛油果

Nomad

509159031Analyzed
4v4 RM · 6d ago on Sep 25, 2026· 44m 8s· 8 players
Game mode
Random Map
Map size
231×231
Population
200
Speed
Normal
Resources
Standard
Victory
Conquest
Starting age
Dark Age
Ending age
Imperial Age
RankedLock teamsTeams togetherTeam positionsShared explorationLock speedFull tech treeHidden civsTurbo modeCheats
Victory
Defeat
🇭🇰 Hindustanis · Hong Kong SAR China
1596
+10
🇭🇰 Varangians · Hong Kong SAR China
1490
+14
🇭🇰 Celts · Hong Kong SAR China
1488
+14
🇭🇰 Italians · Hong Kong SAR China
1469
+14
🇺🇸 Vietnamese · United States
1461
-14
🇦🇷 Maya · Argentina
1439
-13
🇩🇪 Varangians · Germany
1434
-13
🇨🇳 Koreans · China
1422
-12
Vedette87
8:21 Loom
14:47 Feudal Age
16:26 Wheelbarrow
15:56 Town Watch
18:53 Castle Age
16:45 Double-Bit Axe
17:03 Stone Mining
17:16 Fishing Lines
18:15 Fletching
18:25 Gold Mining
18:40 Horse Collar
19:34 Bodkin Arrow
25:54 Imperial Age
24:42 Hand Cart
25:06 Padded Archer Armor
26:02 Ballistics
27:08 Bracer
31:09 Leather Archer Armor
33:29 Chemistry
34:15 Ring Archer Armor
35:49 Bow Saw
40:54 Guard Tower
DaKrankVieh
11:11 Loom
13:55 Feudal Age
17:33 Castle Age
18:16 Double-Bit Axe
25:51 Forging
30:14 Imperial Age
29:53 Bow Saw
31:28 Iron Casting
32:44 Scale Barding Armor
34:35 Blast Furnace
35:35 Fletching
37:08 Conscription
37:29 Pikeman
38:30 Bloodlines
39:58 Scale Mail Armor
39:23 Gothikon
40:06 Town Watch
41:46 Squires
42:29 Chain Mail Armor
42:35 Gambesons
伟少
9:29 Loom
14:01 Feudal Age
15:34 Town Watch
18:29 Castle Age
19:35 Double-Bit Axe
21:28 Horse Collar
22:39 Gold Mining
23:42 Fletching
26:13 Wheelbarrow
28:51 Bow Saw
40:53 Imperial Age
41:10 Bodkin Arrow
42:32 Thumb Ring
42:13 Elite Skirmisher
43:08 Careening
44:03 Chemistry
44:32 Herbal Medicine
too old for this new shit
11:25 Loom
13:17 Feudal Age
14:20 Double-Bit Axe
14:16 Horse Collar
17:10 Wheelbarrow
22:18 Castle Age
20:34 Fletching
20:44 Padded Archer Armor
21:01 Fishing Lines
22:39 Town Watch
23:07 Bodkin Arrow
23:27 Leather Archer Armor
23:23 Bow Saw
23:14 Heavy Plow
23:58 Medium Warships
27:29 Gold Mining
32:04 Hul'che Javelineers
36:32 Imperial Age
35:55 Elite Skirmisher
37:21 Ballistics
37:07 Thumb Ring
37:35 Conscription
37:16 Bracer
38:25 Chemistry
37:52 Imperial Skirmisher
40:04 Ring Archer Armor
40:06 Stone Mining
42:08 Scale Mail Armor
42:19 Forging
42:24 Elite Plumed Archer
局長
5:47 Loom
15:03 Feudal Age
17:18 Stone Mining
19:32 Castle Age
17:24 Double-Bit Axe
18:05 Gold Mining
18:25 Fishing Lines
20:50 Gillnets
24:11 Imperial Age
21:40 Fletching
21:51 Padded Archer Armor
22:54 Bow Saw
23:30 Bodkin Arrow
25:58 Wheelbarrow
28:24 Chemistry
33:00 Conscription
32:41 Bracer
34:04 Leather Archer Armor
36:57 Two-Man Saw
37:30 Ring Archer Armor
39:04 Elite Genoese Crossbowman
40:19 Thumb Ring
42:29 Elite Skirmisher
牛油果
5:13 Loom
13:37 Feudal Age
17:31 Castle Age
18:44 Double-Bit Axe
21:08 Bow Saw
23:21 Horse Collar
25:39 Wheelbarrow
27:03 Hand Cart
35:37 Imperial Age
33:25 Husbandry
33:33 Scale Barding Armor
33:39 Forging
33:45 Heavy Plow
33:36 Gold Mining
34:22 Bloodlines
35:28 Chain Barding Armor
36:12 Iron Casting
35:53 Heavy Camel Rider
37:58 Plate Barding Armor
40:51 Conscription
40:31 Imperial Camel Rider
42:45 Grand Trunk Road
馬仔
3:27 Loom
17:33 Feudal Age
18:58 Fletching
22:51 Castle Age
21:40 Double-Bit Axe
21:50 Stone Mining
21:50 Gold Mining
23:42 Wheelbarrow
24:14 Medium Warships
23:54 Fishing Lines
25:27 Gillnets
31:00 Horse Collar
31:36 Bow Saw
35:31 Imperial Age
34:15 Scale Barding Armor
34:35 Husbandry
34:46 Bloodlines
34:27 Vendel Legacy
36:01 Hand Cart
36:10 Heavy Plow
36:39 Conscription
37:10 Chain Barding Armor
38:54 Plate Barding Armor
41:15 Coinage
40:17 Elite Jarl
41:39 Forging
40:55 Cavalier
evi
5:07 Loom
14:05 Feudal Age
17:28 Forging
17:21 Fishing Lines
20:45 Castle Age
19:22 Double-Bit Axe
27:17 Wheelbarrow
26:52 Bow Saw
29:38 Horse Collar
29:50 Gold Mining
33:11 Gillnets
33:59 Hand Cart
40:11 Imperial Age
38:36 Husbandry
41:59 Scale Barding Armor
42:30 Gold Shaft Mining
44:42 Heavy Plow
44:33 Stone Mining
45:05 Chain Barding Armor
Connection lost

Rejoining the realm…

Still unreachable

The connection could not be restored.

Session expired

The server has moved on; the page needs a fresh start.